 Dungeon Crawl Stone Soup version 0.18.1-48-g4cf74bf (webtiles) character file.

17798 atgrul the Nimble (level 12, 0/104 HPs)
             Began as a White Draconian Conjurer on July 9, 2016.
             Was a Follower of Sif Muna.
             Succumbed to a spiny frog's poison
             ... on level 2 of the Lair of Beasts on July 11, 2016.
             The game lasted 02:13:15 (24411 turns).

atgrul the Nimble (White Draconian Conjurer)       Turns: 24411, Time: 02:13:17

Health: 0/104      AC: 22    Str: 10    XL:     12   Next: 22%
Magic:  20/21      EV: 17    Int: 26    God:    Sif Muna [*.....]
Gold:   539        SH:  0    Dex: 11    Spells: 4 memorised, 13 levels left

rFire  . . .     SeeInvis .     q - +3 short sword (protect)
rCold  + . .     Gourm    .     (armour unavailable)
rNeg   . . .     Faith    .     (no shield)
rPois  .         Spirit   .     (helmet restricted)
rElec  .         Dismiss  .     L - +2 cloak
rCorr  .         Reflect  .     n - +2 pair of gloves
SustAt .         Harm     .     V - +2 pair of boots
MR     .....                    X - amulet of regeneration
Stlth  ++........               B - ring of wizardry
                                p - +4 ring of intelligence

@: lethally poisoned (0 -> -6), swift, repel missiles, very quick, not resistant
to hostile enchantments, unstealthy
A: breathe frost, unfitting armour, cold resistance 1, cold-blooded, AC +8
a: Breathe Frost, Channel Energy, Renounce Religion


You were on level 2 of the Lair of Beasts.
You worshipped Sif Muna.
Sif Muna was aware of your devotion.
You were completely stuffed.

You visited 3 branches of the dungeon, and saw 16 of its levels.

You collected 659 gold pieces.
You spent 120 gold pieces at shops.

Inventory:

Hand Weapons
 q - a +3 short sword of protection (weapon)
Armour
 c - a +0 helmet
 n - a +2 pair of gloves (worn)
 L - a +2 cloak (worn)
 V - a +2 pair of boots (worn)
Magical Staves
 w - an uncursed staff of fire
 I - an uncursed staff of cold
Jewellery
 m - an uncursed ring of fire
 p - a +4 ring of intelligence (left hand)
 B - a ring of wizardry (right hand)
 J - an uncursed ring of positive energy
 X - an amulet of regeneration (around neck)
 Y - an uncursed ring of poison resistance
Wands
 v - a wand of confusion (23/48)
 x - a wand of hasting (2/9)
 N - a wand of iceblast (4/15)
Scrolls
 d - a scroll of silence {unknown}
 e - a scroll of amnesia
 f - 5 scrolls of immolation
 l - 3 scrolls of enchant weapon
 s - a scroll of fog
 y - 2 scrolls of remove curse
 A - 4 scrolls of identify
 H - 2 scrolls of recharging
 O - 3 scrolls of magic mapping {unknown}
 P - 5 scrolls of teleportation
 Q - 3 scrolls of noise
 S - 2 scrolls of random uselessness {unknown}
 T - a scroll of acquirement {unknown}
 W - 2 scrolls of enchant armour {unknown}
Potions
 g - 3 potions of magic
 h - 3 potions of might {unknown}
 j - 2 potions of heal wounds
 o - a potion of haste {unknown}
 t - a potion of brilliance {unknown}
 u - a potion of berserk rage {unknown}
 z - 2 potions of flight {unknown}
 C - a potion of resistance {unknown}
 D - 5 potions of ambrosia
 F - 3 potions of degeneration {unknown}
 G - a potion of agility
 K - a potion of cancellation {unknown}
 U - 3 potions of curing
Books
 a - a book of Conjurations

   Spells                             Type                      Level
   a - Magic Dart                     Conjuration                  1
   b - Searing Ray                    Conjuration                  2
   c - Dazzling Spray                 Conjuration/Hexes            3
   d - Fulminant Prism                Conjuration/Hexes            4
   e - Iskenderun's Mystic Blast      Conjuration                  4
   f - Iskenderun's Battlesphere      Conjuration/Charms           5
 r - a book of Enchantments

   Spells                             Type                      Level
   a - Cause Fear                     Hexes                        4
   b - Yara's Violent Unravelling     Hexes/Transmutation          5
   c - Silence                        Hexes/Air                    5
   d - Deflect Missiles               Charms/Air                   6
   e - Haste                          Charms                       6
   f - Discord                        Hexes                        8
 R - a book of Air

   Spells                             Type                      Level
   a - Shock                          Conjuration/Air              1
   b - Swiftness                      Charms/Air                   2
   c - Repel Missiles                 Charms/Air                   2
   d - Static Discharge               Conjuration/Air              3
   e - Lightning Bolt                 Conjuration/Air              5
Comestibles
 i - 6 meat rations


   Skills:
 * Level 9.0 Fighting
   Level 0.2 Maces & Flails
 - Level 0.2 Staves
 + Level 10.8 Dodging
 - Level 1.7 Stealth
 - Level 6.3 Spellcasting
 - Level 8.5 Conjurations
 - Level 9.6 Charms
 - Level 0.4 Air Magic


You had 13 spell levels left.
You knew the following spells:

 Your Spells              Type           Power        Failure   Level  Hunger
a - Magic Dart            Conj           ####         1%          1    None
b - Iskenderun's Battles  Conj/Chrm      ######..     2%          5    #####..
c - Swiftness             Chrm/Air       ####....     1%          2    None
d - Repel Missiles        Chrm/Air       ####..       1%          2    None


Dungeon Overview and Level Annotations

Branches:
Dungeon (12/15)            Temple (1/1) D:5            Lair (3/8) D:8
  Swamp: Lair:3-6    Shoals: Lair:3-6     Snake: Lair:3-6    Spider: Lair:3-6
    Orc: D:9-12

Altars:
Ashenzari
Cheibriados
Dithmenos
Elyvilon
Fedhas
Gozag
Kikubaaqudgha
Makhleb
Nemelex Xobeh
Okawaru
Pakellas
Qazlal
Ru
Sif Muna
Trog
Vehumet
Yredelemnul
Zin
The Shining One

Shops:
D:5 %

Annotations:
D:12 Nergalle, Snorg
Lair:3 Maud


Innate Abilities, Weirdness & Mutations

You can breathe waves of freezing cold.
You can buffet flying creatures when you breathe cold.
Your icy white scales are hard (AC +8).
Your body does not fit into most forms of armour.
Your flesh is cold resistant.
You are cold-blooded and may be slowed by cold attacks.


Message History

The elephant tramples you but does no damage.
The elephant trunk-slaps you.
* * * LOW HITPOINT WARNING * * *
You feel sick. The spiny frog completely misses you.
You feel sick. The spiny frog stings you!
* * * LOW HITPOINT WARNING * * *
You are lethally poisoned!
The spiny frog poisons you!
* * * LOW HITPOINT WARNING * * *
You feel sick.
Unknown command.
* * * LOW HITPOINT WARNING * * *
You feel sick.
* * * LOW HITPOINT WARNING * * *
You feel sick.
* * * LOW HITPOINT WARNING * * *
You feel sick.
* * * LOW HITPOINT WARNING * * *
You feel sick.
You die...

.................................
#.....#....#P.#.##.#..#P.#.PPP.##
.................................
.##[........#.#..##....####...P##
##............#..##.#...####..###
.................................
.....##..##....##................
.........##...##.#.Y.............
................@..F....>........
#####..#.#####.##.#.######..#.##.
###### ######## ########


You could see an elephant and a spiny frog.

Vanquished Creatures
  The ghost of nikopol the Spear-Bearer, a journeyman MiBe of Trog (Lair:1)
  Erica (D:8)
  Urug (D:10)
  A hill giant (D:10)
  2 manticores
  An oklob plant (D:9)
  A black mamba (Lair:3)
  An elephant (Lair:2)
  6 spiny frogs
  2 kobold demonologists (D:11)
  4 komodo dragons (Lair:2)
  3 trolls
  A spriggan (D:7)
  A wraith (D:11)
  9 yaks
  The ghost of meme the Skirmisher, an amateur DsAK of Lugonu (D:5)
  The ghost of tyranidshit the Grave Robber, an amateur DDNe (D:7)
  A hippogriff (Lair:1)
  The ghost of ghost the Covered, an amateur GrFi (D:3)
  4 water moccasins
  4 porcupines
  5 ice beasts
  An orc warrior (D:8)
  2 sky beasts
  4 necrophages (D:10)
  An eye of draining (D:9)
  2 phantoms
  A wasp (D:11)
  4 ogres
  7 centaurs
  6 crocodiles
  4 big kobolds
  8 giant frogs
  A wyvern zombie (D:8)
  2 wyvern skeletons
  5 scorpions
  4 killer bees
  2 howler monkeys
  10 wights
  2 electric eels (D:11)
  A lava snake (D:9)
  2 crimson imps
  4 giant frog zombies
  6 hounds
  A jelly (D:5)
  A quasit (D:8)
  Crazy Yiuf (D:7)
  5 orc priests
  A centaur skeleton (D:4)
  11 iguanas
  Jessica (D:3)
  3 giant frog skeletons
  11 worker ants
  8 orc wizards
  2 killer bee zombies
  A hound zombie (D:8)
  2 worker ant zombies
  A mummy (D:10)
  16 gnolls
  14 adders
  10 river rats
  2 shadow imps
  An ooze (D:1)
  5 adder skeletons
  2 adder zombies
  4 worms
  7 dart slugs
  5 giant geckos
  38 orcs
  2 ball pythons
  13 giant cockroaches
  7 goblins
  2 hobgoblins (D:2)
  18 jackals
  24 kobolds
  2 quokkas
  6 bats
  9 giant newts
  A quokka skeleton (D:7)
  9 rats
  A plant (D:9)
378 creatures vanquished.

Vanquished Creatures (others)
  A withered plant (D:10)
1 creature vanquished.

Grand Total: 379 creatures vanquished

Notes
Turn   | Place    | Note
--------------------------------------------------------------
     0 | D:1      | atgrul the Draconian Conjurer began the quest for the Orb.
     0 | D:1      | Reached XP level 1. HP: 14/14 MP: 3/3
    75 | D:1      | Reached XP level 2. HP: 20/20 MP: 0/5
   915 | D:1      | Reached XP level 3. HP: 26/26 MP: 2/6
   917 | D:1      | Reached skill level 5 in Conjurations
  1788 | D:2      | Reached XP level 4. HP: 33/33 MP: 1/7
  2349 | D:3      | Noticed ghost's ghost (amateur GrFi)
  2721 | D:3      | Reached XP level 5. HP: 38/38 MP: 5/8
  2734 | D:3      | Learned a level 5 spell: Iskenderun's Battlesphere
  2792 | D:3      | Noticed Jessica
  3535 | D:4      | Reached skill level 1 in Charms
  3764 | D:4      | Reached XP level 6. HP: 45/45 MP: 5/9
  5247 | D:5      | Entered Level 5 of the Dungeon
  5285 | D:5      | Noticed an ice beast
  5485 | D:5      | Your scales start taking on an icy white colour.
  5485 | D:5      | Reached XP level 7. HP: 50/50 MP: 5/10
  5485 | D:5      | Gained mutation: Your flesh is cold resistant. [White Draconian growth]
  5533 | D:5      | Found Tonuinni's Food Shoppe.
  5541 | D:5      | Bought a bread ration for 60 gold pieces
  5541 | D:5      | Bought a bread ration for 60 gold pieces
  5555 | D:5      | Noticed meme's ghost (amateur DsAK)
  5723 | D:5      | Killed meme's ghost
  5800 | D:5      | Found a shadowy altar of Dithmenos.
  6547 | D:5      | Reached skill level 5 in Charms
  6863 | D:5      | Reached XP level 8. HP: 43/57 MP: 6/11
  7139 | D:5      | Found a staircase to the Ecumenical Temple.
  8712 | Temple   | Entered the Ecumenical Temple
  9662 | D:7      | Reached skill level 1 in Fighting
  9674 | D:7      | Noticed Crazy Yiuf
  9797 | D:6      | Reached XP level 9. HP: 43/64 MP: 1/12
 10401 | D:7      | Killed Crazy Yiuf
 10673 | D:7      | Noticed tyranidshit's ghost (amateur DDNe)
 11326 | D:3      | Killed Jessica
 11431 | D:3      | Killed ghost's ghost
 11938 | D:7      | Killed tyranidshit's ghost
 12213 | D:8      | Noticed Erica
 13442 | D:8      | Reached skill level 5 in Fighting
 13545 | D:8      | Found a staircase to the Lair.
 13938 | D:8      | Learned a level 2 spell: Swiftness
 13941 | D:8      | Learned a level 2 spell: Repel Missiles
 13988 | D:9      | Found a bloodstained altar of Trog.
 13990 | D:9      | Found a shattered altar of Ashenzari.
 13994 | D:9      | Found an iron altar of Okawaru.
 13994 | D:9      | Found an oddly glowing altar of Pakellas.
 13998 | D:9      | Found a deep blue altar of Sif Muna.
 13998 | D:9      | Found a sacrificial altar of Ru.
 14028 | D:9      | Became a worshipper of Sif Muna the Loreminder
 14339 | D:9      | Reached skill level 2 in Dodging
 14339 | D:9      | Reached XP level 10. HP: 65/81 MP: 8/16
 14665 | D:9      | Found a blossoming altar of Fedhas.
 14677 | D:9      | Noticed an oklob plant
 15443 | D:10     | Entered Level 10 of the Dungeon
 15680 | D:10     | Noticed Urug
 15796 | D:9      | Reached skill level 3 in Dodging
 15943 | D:10     | Killed Urug
 15943 | D:10     | Reached skill level 5 in Spellcasting
 16313 | D:10     | Reached * piety under Sif Muna
 16624 | D:10     | Found a shadowy altar of Dithmenos.
 16641 | D:10     | Reached skill level 4 in Dodging
 16878 | D:10     | Noticed a hill giant
 16882 | D:10     | Killed a hill giant
 17218 | D:11     | Found an opulent altar of Gozag.
 17437 | D:11     | Reached skill level 5 in Dodging
 17950 | D:11     | Noticed a manticore
 18236 | D:12     | Noticed Nergalle
 18236 | D:12     | Noticed Snorg
 18236 | D:12     | Noticed a hill giant
 18645 | D:12     | Reached skill level 6 in Dodging
 18692 | D:12     | Noticed a manticore
 18865 | D:12     | Killed a manticore
 18865 | D:12     | Reached XP level 11. HP: 67/91 MP: 7/20
 19511 | D:11     | Reached skill level 7 in Dodging
 20005 | D:9      | Killed an oklob plant
 20173 | D:8      | Found a sparkling altar of Nemelex Xobeh.
 20245 | D:8      | Found an opulent altar of Gozag.
 20245 | D:8      | Found a sparkling altar of Nemelex Xobeh.
 20360 | D:8      | Killed Erica
 20581 | D:8      | Reached skill level 8 in Dodging
 20725 | Lair:1   | Entered Level 1 of the Lair of Beasts
 20870 | Lair:1   | Noticed nikopol's ghost (journeyman MiBe)
 20955 | Lair:1   | Killed nikopol's ghost
 21452 | Lair:1   | Reached skill level 9 in Dodging
 22731 | Lair:2   | Reached skill level 10 in Dodging
 22844 | Lair:2   | Reached XP level 12. HP: 55/103 MP: 13/21
 23829 | Lair:3   | Noticed Maud
 24214 | Lair:3   | Noticed a five-headed hydra
 24405 | Lair:2   | HP: 5/104 [spiny frog (16)]
 24409 | Lair:2   | HP: 1/104 [poisoned by a spiny frog]
 24411 | Lair:2   | Succumbed to a spiny frog's poison

Skill      XL: |  1  2  3  4  5  6  7  8  9 10 11 12 |
---------------+-------------------------------------+-----
Conjurations   | 5 6 7 8 |  8.5
Charms         | 1 2 5 8 9 |  9.6
Fighting       | 1 5 6 8 9 |  9.0
Spellcasting   | 4 6 |  6.3
Dodging        | 2 6 10 | 10.8
Maces & Flails | |  0.2
Staves         | |  0.2
Stealth        | |  1.7
Air Magic      | |  0.4

Action                   |  1- 3 |  4- 6 |  7- 9 | 10-12 || total
-------------------------+-------+-------+-------+-------++-------
Melee: Club              |    16 |       |       |       ||    16
       Short sword       |    64 |   144 |   347 |   380 ||   935
       Tailslap          |     4 |    12 |    28 |    38 ||    82
 Cast: Magic Dart        |    66 |   113 |   353 |   481 ||  1013
       Iskenderun's Batt |       |       |    17 |    73 ||    90
       Repel Missiles    |       |       |     1 |     1 ||     2
       Swiftness         |       |       |       |     3 ||     3
Evoke: Wand              |       |       |     4 |     2 ||     6
  Use: Scroll            |       |    12 |     3 |    12 ||    27
       Potion            |       |     1 |     4 |     2 ||     7
 Stab: Sleeping          |     1 |       |       |       ||     1
  Eat: Chunk             |     4 |     3 |     3 |     3 ||    13
       Beef jerky        |       |     2 |       |     1 ||     3
       Bread ration      |       |     2 |     6 |     5 ||    13
       Meat ration       |       |       |     1 |     2 ||     3
       Fruit             |       |       |     2 |    14 ||    16
       Pizza             |       |       |       |     2 ||     2
       Royal jelly       |       |       |       |     3 ||     3
Armor: Skin              |    44 |    57 |   280 |   480 ||   861
Dodge: Dodged            |    82 |   116 |   344 |   541 ||  1083
       Deflected         |       |       |       |     9 ||     9
